| TOP OF THE 1ST |
|
New Hampshire Fisher Cats batting - Pitching for Bowie Baysox : RHP Jonathan Spicer
|
|
Pitching: RHP Jonathan Spicer
|
|
|
Batting: RHB John Hering
|
0-0: Ball 1-0: Ball 2-0: Swinging Strike 2-1: Foul Ball, location: 2F 2-2: Foul Ball, location: 2F 2-2: Strikes out looking
|
|
Batting: RHB Stephen Casteel
|
0-0: Ball 1-0: Swinging Strike 1-1: Ball 2-1: Ball 3-1: Foul Ball, location: 2F 3-2: SINGLE (Line Drive, 78S, EV 110.6 MPH)
|
|
Batting: LHB Gabe Pace
|
0-0: Ball 1-0: Ball 2-0: Foul Ball, location: 2F 2-1: Called Strike Stephen Casteel steals 2nd base 2-2: Foul Ball, location: 2F 2-2: Foul Ball, location: 2F 2-2: Strikes out looking
|
|
Batting: RHB Jon Aguilar
|
0-0: Ball 1-0: Foul Ball, location: 2F 1-1: Called Strike 1-2: Foul Ball, location: 2F 1-2: Strikes out swinging
|
| Top of the 1st over - 0 runs, 1 hit, 0 errors, 1 left on base; New Hampshire 0 - Bowie 0 |
| BOTTOM OF THE 1ST |
|
Bowie Baysox batting - Pitching for New Hampshire Fisher Cats : RHP Joe Butler
|
|
Pitching: RHP Joe Butler
|
|
|
Batting: RHB Alfredo Reguera
|
0-0: Foul Ball, location: 2F 0-1: Ball 1-1: Ball 2-1: SINGLE (Line Drive, 89S, EV 94.4 MPH)
|
|
Batting: LHB Pat Fontana
|
0-0: Called Strike 0-1: Ball 1-1: Fielders Choice at 2nd, 5-4 (Groundball, 56, EV 83.8 MPH)
|
|
Batting: RHB Jonathan Mendoza
|
0-0: Ball 1-0: Ball 2-0: Called Strike 2-1: Ground out 5-3 (Groundball, 56S, EV 72.5 MPH) Pat Fontana to second
|
|
Batting: RHB Ethan Finke
|
0-0: Called Strike 0-1: Called Strike 0-2: Ball 1-2: Ball 2-2: Strikes out swinging
|
| Bottom of the 1st over - 0 runs, 1 hit, 0 errors, 1 left on base; New Hampshire 0 - Bowie 0 |
| TOP OF THE 2ND |
|
New Hampshire Fisher Cats batting - Pitching for Bowie Baysox : RHP Jonathan Spicer
|
|
Batting: SHB Gregg Whitecotton
|
0-0: Called Strike 0-1: Ball 1-1: SINGLE (Line Drive, 89S, EV 110.6 MPH)
|
|
Batting: RHB Chris Martin
|
0-0: Called Strike 0-1: Ball 1-1: Swinging Strike 1-2: Foul Ball, location: 2F 1-2: Strikes out looking
|
|
Batting: RHB Marcos Villalobos
|
0-0: Ball 1-0: Called Strike 1-1: Called Strike 1-2: Ball 2-2: Ground out 4-3 (Groundball, 13, EV 85.6 MPH) Gregg Whitecotton to second
|
|
Batting: RHB Kirk Seiffert
|
0-0: Ball 1-0: Called Strike 1-1: Called Strike 1-2: Foul Ball, location: 2F 1-2: Ball 2-2: Strikes out swinging
|
| Top of the 2nd over - 0 runs, 1 hit, 0 errors, 1 left on base; New Hampshire 0 - Bowie 0 |
| BOTTOM OF THE 2ND |
|
Bowie Baysox batting - Pitching for New Hampshire Fisher Cats : RHP Joe Butler
|
|
Batting: RHB Joe Young
|
0-0: Ball 1-0: Called Strike 1-1: SINGLE (Line Drive, 34D, EV 103.8 MPH)
|
|
Batting: RHB Mike Pitts
|
0-0: Called Strike 0-1: DOUBLE (Groundball, 5L, EV 101.9 MPH) Joe Young to third
|
|
Batting: SHB Chris Wright
|
0-0: Ball 1-0: Called Strike 1-1: Swinging Strike 1-2: Ball 2-2: Ball 3-2: Ground out 1-3 (Groundball, P, EV 73.8 MPH)
|
|
Batting: RHB Marquis Major
|
0-0: Called Strike 0-1: Ball 1-1: Ground out 5-3 (Groundball, 56, EV 105.6 MPH) Joe Young scores
|
|
Batting: RHB Wil Ochoa
|
0-0: Ball 1-0: Ball 2-0: Ball 3-0: Called Strike 3-1: Foul Ball, location: 2F 3-2: Base on Balls
|
|
Batting: RHB Alfredo Reguera
|
0-0: Fly out, F8 (Flyball, 8LD, EV 103.8 MPH)
|
| Bottom of the 2nd over - 1 run, 2 hits, 0 errors, 2 left on base; New Hampshire 0 - Bowie 1 |
| TOP OF THE 3RD |
|
New Hampshire Fisher Cats batting - Pitching for Bowie Baysox : RHP Jonathan Spicer
|
|
Batting: RHB Justin Powell
|
0-0: Ground out 6-3 (Groundball, 6, EV 80.6 MPH)
|
|
Batting: RHB John Hering
|
0-0: Ground out 4-3 (Groundball, 4, EV 88.1 MPH)
|
|
Batting: RHB Stephen Casteel
|
0-0: Called Strike 0-1: Ball 1-1: Ball 2-1: Foul Ball, location: 2F 2-2: Foul Ball, location: 2F 2-2: Foul Ball, location: 2F 2-2: Strikes out swinging
|
| Top of the 3rd over - 0 runs, 0 hits, 0 errors, 0 left on base; New Hampshire 0 - Bowie 1 |
| BOTTOM OF THE 3RD |
|
Bowie Baysox batting - Pitching for New Hampshire Fisher Cats : RHP Joe Butler
|
|
Batting: LHB Pat Fontana
|
0-0: Called Strike 0-1: Ball 1-1: Ball 2-1: SINGLE (Groundball, 34D, EV 101.2 MPH) (infield hit)
|
|
Batting: RHB Jonathan Mendoza
|
0-0: Ball 1-0: Ball Wild Pitch! Pat Fontana to second 2-0: Called Strike 2-1: Foul Ball, location: 2F 2-2: Ball 3-2: Ground out 6-3 (Groundball, 6, EV 80.6 MPH) Pat Fontana to third
|
|
Batting: RHB Ethan Finke
|
0-0: Called Strike 0-1: Ball Wild Pitch! Pat Fontana scores 1-1: Ground out 4-3 (Groundball, 4, EV 86.9 MPH)
|
|
Batting: RHB Joe Young
|
0-0: Called Strike 0-1: Ball 1-1: Called Strike 1-2: Fly out, F9 (Line Drive, 9D, EV 88.1 MPH)
|
| Bottom of the 3rd over - 1 run, 1 hit, 0 errors, 0 left on base; New Hampshire 0 - Bowie 2 |
| TOP OF THE 4TH |
|
New Hampshire Fisher Cats batting - Pitching for Bowie Baysox : RHP Jonathan Spicer
|
|
Batting: LHB Gabe Pace
|
0-0: Ball 1-0: Ball 2-0: Ball 3-0: Base on Balls
|
|
Batting: RHB Jon Aguilar
|
0-0: Ball 1-0: Called Strike 1-1: Ball 2-1: Called Strike 2-2: Foul Ball, location: 2F 2-2: Foul Ball, location: 2F 2-2: Foul Ball, location: 2F 2-2: Ball 3-2: Fielders Choice at 2nd, 5-4 (Groundball, 56, EV 86.2 MPH)
|
|
Batting: SHB Gregg Whitecotton
|
0-0: Fly out, F9 (Flyball, 89D, EV 87.5 MPH)
|
|
Batting: RHB Chris Martin
|
0-0: Ball 1-0: Foul Ball, location: 2F 1-1: Called Strike 1-2: Foul Ball, location: 2F 1-2: Ball 2-2: Ball 3-2: Foul Ball, location: 2F 3-2: Fly out, F4 (Line Drive, 4D, EV 70.6 MPH)
|
| Top of the 4th over - 0 runs, 0 hits, 0 errors, 1 left on base; New Hampshire 0 - Bowie 2 |
| BOTTOM OF THE 4TH |
|
Bowie Baysox batting - Pitching for New Hampshire Fisher Cats : RHP Joe Butler
|
|
Batting: RHB Mike Pitts
|
0-0: Ball 1-0: Swinging Strike 1-1: Foul Ball, location: 2F 1-2: Strikes out swinging
|
|
Batting: SHB Chris Wright
|
0-0: Ball 1-0: Foul Ball, location: 2F 1-1: Fly out, F8 (Flyball, 8RD, EV 90.6 MPH)
|
|
Batting: RHB Marquis Major
|
0-0: Ball 1-0: Ball 2-0: Called Strike 2-1: Ball 3-1: Foul Ball, location: 2F 3-2: Foul Ball, location: 2F 3-2: Strikes out swinging
|
| Bottom of the 4th over - 0 runs, 0 hits, 0 errors, 0 left on base; New Hampshire 0 - Bowie 2 |
| TOP OF THE 5TH |
|
New Hampshire Fisher Cats batting - Pitching for Bowie Baysox : RHP Jonathan Spicer
|
|
Batting: RHB Marcos Villalobos
|
0-0: Ball 1-0: Ball 2-0: Ground out 3-1 (Groundball, 34S, EV 88.8 MPH)
|
|
Batting: RHB Kirk Seiffert
|
0-0: Ball 1-0: Swinging Strike 1-1: SINGLE (Groundball, 4D, EV 100.6 MPH)
|
|
Batting: RHB Justin Powell
|
0-0: Called Strike 0-1: Swinging Strike 0-2: Grounds into double play, 5-4-3 (Groundball, 56, EV 90.0 MPH)
|
| Top of the 5th over - 0 runs, 1 hit, 0 errors, 0 left on base; New Hampshire 0 - Bowie 2 |
| BOTTOM OF THE 5TH |
|
Bowie Baysox batting - Pitching for New Hampshire Fisher Cats : RHP Joe Butler
|
|
Batting: RHB Wil Ochoa
|
0-0: Ground out 1-3 (Groundball, 15S, EV 75.6 MPH)
|
|
Batting: RHB Alfredo Reguera
|
0-0: Foul Ball, location: 2F 0-1: Ball 1-1: Called Strike 1-2: Foul Ball, location: 2F 1-2: Ground out 4-3 (Groundball, 4M, EV 104.4 MPH)
|
|
Batting: LHB Pat Fontana
|
0-0: Ball 1-0: Called Strike 1-1: Ground out U3 (Groundball, 34, EV 105.6 MPH)
|
| Bottom of the 5th over - 0 runs, 0 hits, 0 errors, 0 left on base; New Hampshire 0 - Bowie 2 |
| TOP OF THE 6TH |
|
New Hampshire Fisher Cats batting - Pitching for Bowie Baysox : RHP Jonathan Spicer
|
|
Batting: RHB John Hering
|
0-0: Ball 1-0: Called Strike 1-1: Ball 2-1: Fly out, F7 (Flyball, 7, EV 82.5 MPH)
|
|
Batting: RHB Stephen Casteel
|
0-0: Called Strike 0-1: Ball 1-1: DOUBLE (Line Drive, 89M, EV 96.9 MPH)
|
|
Pitching: RHP Jason Turley
|
|
|
Batting: LHB Gabe Pace
|
0-0: Ball 1-0: Foul Ball, location: 2F 1-1: Ground out 4-3 (Groundball, 4, EV 79.4 MPH) Stephen Casteel to third
|
|
Batting: RHB Jon Aguilar
|
0-0: Called Strike 0-1: Swinging Strike 0-2: Ball 1-2: Foul Ball, location: 2F 1-2: Foul Ball, location: 2F 1-2: Foul Ball, location: 2F 1-2: Ball 2-2: Foul Ball, location: 2F 2-2: Fly out, F7 (Flyball, 7, EV 91.9 MPH)
|
| Top of the 6th over - 0 runs, 1 hit, 0 errors, 1 left on base; New Hampshire 0 - Bowie 2 |
| BOTTOM OF THE 6TH |
|
Bowie Baysox batting - Pitching for New Hampshire Fisher Cats : RHP Joe Butler
|
|
Batting: RHB Jonathan Mendoza
|
0-0: Swinging Strike 0-1: Ball 1-1: Called Strike 1-2: DOUBLE (Line Drive, 9LS, EV 99.4 MPH)
|
|
Batting: RHB Ethan Finke
|
0-0: Ground out 5-3 (Groundball, 56, EV 111.2 MPH)
|
|
Batting: RHB Joe Young
|
0-0: Ball 1-0: Ball 2-0: Ball 3-0: Called Strike 3-1: Foul Ball, location: 2F 3-2: Base on Balls
|
|
Batting: RHB Mike Pitts
|
0-0: Called Strike 0-1: Fielders Choice at 2nd, 6-4 (Groundball, 6, EV 85.0 MPH) Jonathan Mendoza to third
|
|
Batting: SHB Chris Wright
|
0-0: Swinging Strike 0-1: Called Strike 0-2: Strikes out looking
|
| Bottom of the 6th over - 0 runs, 1 hit, 0 errors, 2 left on base; New Hampshire 0 - Bowie 2 |
| TOP OF THE 7TH |
|
New Hampshire Fisher Cats batting - Pitching for Bowie Baysox : RHP Jason Turley
|
|
Now at 1B: HonĂ³rio Szenes
|
|
|
Batting: SHB Gregg Whitecotton
|
0-0: Ball 1-0: Ball 2-0: Ground out 3-1 (Groundball, 34S, EV 86.9 MPH)
|
|
Batting: RHB Chris Martin
|
0-0: Ball 1-0: Foul Ball, location: 2F 1-1: Ball 2-1: Ball 3-1: Called Strike 3-2: SINGLE (Line Drive, 89M, EV 88.8 MPH)
|
|
Batting: RHB Marcos Villalobos
|
0-0: Foul Ball, location: 2F 0-1: Ball Chris Martin steals 2nd base 1-1: Foul Ball, location: 2F 1-2: DOUBLE (Line Drive, 78M, EV 98.8 MPH) Chris Martin scores
|
|
Batting: RHB Kirk Seiffert
|
0-0: Ball 1-0: Ball 2-0: Foul Ball, location: 2F 2-1: SINGLE (Line Drive, 78S, EV 110.6 MPH) Marcos Villalobos to third
|
|
Batting: RHB Justin Powell
|
0-0: Called Strike Kirk Seiffert steals 2nd base 0-1: SINGLE (Groundball, 4M, EV 86.9 MPH) (infield hit) Marcos Villalobos scores Kirk Seiffert to third
|
|
Batting: RHB John Hering
|
0-0: Ball Justin Powell steals 2nd, throwing error, E2 Kirk Seiffert scores Justin Powell to third 1-0: Intentional Walk
|
|
Batting: RHB Stephen Casteel
|
0-0: Called Strike 0-1: Called Strike 0-2: Grounds into double play, 6-4-3 (Groundball, 6, EV 78.8 MPH)
|
| Top of the 7th over - 3 runs, 4 hits, 1 error, 1 left on base; New Hampshire 3 - Bowie 2 |
| BOTTOM OF THE 7TH |
|
Bowie Baysox batting - Pitching for New Hampshire Fisher Cats : RHP Joe Butler
|
|
Now at 1B: Chris Martin
|
|
|
Now at 2B: Kirk Seiffert
|
|
|
Now at 3B: Tokuji Kawabata
|
|
|
Batting: RHB Marquis Major
|
0-0: Called Strike 0-1: Ball 1-1: Called Strike 1-2: Strikes out looking
|
|
Batting: RHB Wil Ochoa
|
0-0: Foul Ball, location: 2F 0-1: Swinging Strike 0-2: Ball 1-2: Strikes out swinging
|
|
Batting: RHB Alfredo Reguera
|
0-0: Ball 1-0: Ball 2-0: Ball 3-0: Base on Balls
|
|
Pitching: RHP Robby Granados
|
|
|
Batting: LHB Pat Fontana
|
0-0: Called Strike 0-1: Ball 1-1: Ball 2-1: Foul Ball, location: 2F 2-2: Ball 3-2: Base on Balls Alfredo Reguera to second
|
|
Batting: RHB HonĂ³rio Szenes
|
0-0: Fly out, F7 (Flyball, 7, EV 88.8 MPH)
|
| Bottom of the 7th over - 0 runs, 0 hits, 0 errors, 2 left on base; New Hampshire 3 - Bowie 2 |
| TOP OF THE 8TH |
|
New Hampshire Fisher Cats batting - Pitching for Bowie Baysox : RHP Jason Turley
|
|
Pitching: RHP Nick Hodge
|
|
|
Batting: LHB Gabe Pace
|
0-0: Foul Ball, location: 2F 0-1: Ground out 6-3 (Groundball, 6, EV 78.8 MPH)
|
|
Batting: RHB Jon Aguilar
|
0-0: Ball 1-0: Ground out 5-3 (Groundball, 56, EV 83.1 MPH)
|
|
Batting: SHB Gregg Whitecotton
|
0-0: Ball 1-0: Ball 2-0: Foul Ball, location: 2F 2-1: Foul Ball, location: 2F 2-2: Ball 3-2: SINGLE (Groundball, 34S, EV 63.1 MPH) (infield hit)
|
|
Batting: RHB Chris Martin
|
0-0: Ground out 5-3 (Groundball, 56S, EV 89.4 MPH)
|
| Top of the 8th over - 0 runs, 1 hit, 0 errors, 1 left on base; New Hampshire 3 - Bowie 2 |
| BOTTOM OF THE 8TH |
|
Bowie Baysox batting - Pitching for New Hampshire Fisher Cats : RHP Robby Granados
|
|
Batting: RHB Ethan Finke
|
0-0: SINGLE (Groundball, 6MD, EV 107.5 MPH)
|
|
Batting: RHB Joe Young
|
0-0: Foul Ball, location: 2F 0-1: Called Strike 0-2: Ball 1-2: Ball 2-2: Strikes out swinging
|
|
Batting: RHB Mike Pitts
|
0-0: Grounds into double play, 4-6-3 (Groundball, 4, EV 86.2 MPH)
|
| Bottom of the 8th over - 0 runs, 1 hit, 0 errors, 0 left on base; New Hampshire 3 - Bowie 2 |
| TOP OF THE 9TH |
|
New Hampshire Fisher Cats batting - Pitching for Bowie Baysox : RHP Nick Hodge
|
|
Batting: RHB Marcos Villalobos
|
0-0: Ground out 5-3 (Groundball, 56, EV 90.0 MPH)
|
|
Batting: RHB Kirk Seiffert
|
0-0: Foul Ball, location: 2F 0-1: Ground out 4-3 (Groundball, 4MS, EV 84.4 MPH)
|
|
Batting: RHB Justin Powell
|
0-0: Foul Ball, location: 2F 0-1: Ground out 6-3 (Groundball, 6, EV 81.9 MPH)
|
| Top of the 9th over - 0 runs, 0 hits, 0 errors, 0 left on base; New Hampshire 3 - Bowie 2 |
| BOTTOM OF THE 9TH |
|
Bowie Baysox batting - Pitching for New Hampshire Fisher Cats : RHP Robby Granados
|
|
Pitching: LHP Nick Burnstein
|
|
|
Batting: SHB Chris Wright
|
0-0: Swinging Strike 0-1: Ball 1-1: Ground out 6-3 (Groundball, 6, EV 107.5 MPH)
|
|
Batting: RHB Marquis Major
|
0-0: Hit by Pitch
|
|
Batting: RHB Wil Ochoa
|
0-0: Called Strike 0-1: Ball 1-1: Foul Ball, location: 2F 1-2: Ball 2-2: Foul Ball, location: 2F 2-2: Strikes out swinging
|
|
Batting: RHB Alfredo Reguera
|
0-0: SINGLE (Groundball, 6MD, EV 102.5 MPH) Marquis Major to second Runner from 2nd tries for 3rd, SAFE, throw by CF made to third
|
|
Pinch Hitting: RHB Ismael Macedo
|
0-0: Ball 1-0: Called Strike 1-1: Ball 2-1: Foul Ball, location: 2F 2-2: Foul Ball, location: 2F 2-2: Strikes out swinging
|
| Bottom of the 9th over - 0 runs, 1 hit, 0 errors, 2 left on base; New Hampshire 3 - Bowie 2 |
|